cohdb
Replays
Latest Replays
All Replays
Popular Replays
Top Player Replays
Match Explorer
How It Works
Community
CoH3 Stats
Reddit
Sign in to upload your games and track your stats! →
Sign in with Steam
Match 42109523
Unlisted
Match 42109523
Overview
Messages
Build Orders
End
Construct Barracks
Selects Special Operations Battlegroup
Riflemen Squad
Riflemen Squad
Grenade Package
Riflemen Squad
Infantry Support Center
Construct Medical Station
Selects Raiding Flares
Construct Motor Pool
Demolitions Package
M1 Anti-tank Gun Team
M8 Greyhound Armored Car
Selects SSF Commando Squad
SSF Commando Squad
Survival Training
Engineer Squad
Selects M29 Weasel Recon Vehicle
Selects P-47 Anti-Infantry Loiter
Advanced Logistics
P-47 Anti-Infantry Loiter
Construct Tank Depot
Selects UNKNOWN (2162291)
Selects Air Re-supply Operation
SSF Commando Squad
M18 Hellcat Tank Destroyer
SSF Commando Squad
Raiding Flares
M4A1 Sherman Whizbang
SSF Commando Squad
ShoulderGuy
Pinhead Larry
Dave
MrBadMass
0
0
Comments
sign in to comment!
No comments posted yet!